 Dungeon Crawl Stone Soup version 0.31-a0-977-gc230f8ef24 (webtiles) character file.

Game seed: 11866637648617390389

23 pokeman the Magician (level 2, -1/16 HPs)
             Began as a Deep Elf Hedge Wizard on Oct 29, 2023.
             Slain by a goblin
             ... wielding a +0 club
             ... led by Robin
              (2 damage)
             ... on level 2 of the Dungeon.
             The game lasted 00:01:15 (1273 turns).

pokeman the Magician (Deep Elf Hedge Wizard)        Turns: 1273, Time: 00:01:15

Health: -1/16      AC:  2    Str:  7    XL:     2   Next: 72%
Magic:  5/10       EV: 12    Int: 18    God:
Gold:   11         SH:  0    Dex: 14    Spells: 10/11 levels left

rFire   . . .        g - +1 dagger (freeze)
rCold   . . .        (no shield)
rNeg    . . .        b - +0 robe
rPois   .            c - +0 hat
rElec   .            (no cloak)
rCorr   .            (no gloves)
SInv    .            (no boots)
Will    .....        (no amulet)
Stlth   ++           (no ring)
HPRegen 0.22/turn    (no ring)
MPRegen 0.12/turn

%: no passive effects
@: no status effects
A: no striking features
a: no special abilities


You were on level 2 of the Dungeon.
You visited 1 branch of the dungeon, and saw 2 of its levels.

You collected 11 gold pieces.

Inventory:

Hand Weapons
 g - a +1 dagger of freezing (weapon)
Armour
 b - a +0 robe (worn)
 c - a +0 hat (worn)
Scrolls
 a - a scroll of enchant armour {unknown}
 f - 2 scrolls of summoning {unknown}
Potions
 d - a potion of magic
 e - a potion of heal wounds {unknown}


   Skills:
 + Level 0.6 Fighting
 + Level 0.6 Armour
 - Level 2.4 Dodging
 - Level 2.4 Stealth
 * Level 5.0 Spellcasting
 + Level 1.6 Conjurations
 - Level 1.1 Summonings
 - Level 1.1 Translocations


You had 10 spell levels left.
You knew the following spells:

 Your Spells              Type           Power      Damage    Failure   Level
a - Magic Dart            Conj           40%        1d5       7%          1

Your spell library contained the following spells:

 Spells                   Type           Power      Damage    Failure   Level
 Slow                     Hex            16%        N/A       13%         1
 Blink                    Tloc           16%        N/A       13%         2
 Call Imp                 Summ           16%        N/A       13%         2
 Cigotuvi's Dreadful Rot  Necr/Pois/Air  8%         N/A       21%         2
 Mephitic Cloud           Conj/Pois/Air  6%         N/A       32%         3


Dungeon Overview and Level Annotations

Branches:
Dungeon (2/15)

Altars:

Annotations:
D:2 Robin


Message History

You hit Robin. You freeze Robin.
Robin is lightly wounded.
A goblin comes into view. It is wielding a +0 club.
Robin hits you with a +0 short sword.
The goblin shouts!
You hit Robin but do no damage.
Robin is lightly wounded.
You hear a shout!
Robin roars a battlecry!
The goblins go into a battle-frenzy!
You closely miss Robin.
Robin is lightly wounded.
Robin hits you but does no damage.
A goblin comes into view. It is wielding a +0 dagger.
The goblin shouts!
You hit Robin. You freeze Robin.
Robin is moderately wounded.
Robin roars a battlecry!
The goblin goes into a battle-frenzy!
You hear a shout!
You barely miss Robin.
Robin is moderately wounded.
You closely miss Robin.
Robin is moderately wounded.
A goblin comes into view. It is wielding a +0 club.
The goblin hits you with a +0 club.
* * * LOW HITPOINT WARNING * * *
Robin says, "Kneel, worm!"
Robin misses you. Robin throws the goblin at you!
* * * LOW HITPOINT WARNING * * *
The goblin attacks as it pursues you! The goblin closely misses you.
The goblin attacks as it pursues you! The goblin misses you.
Robin roars a battlecry!
There is an open door here.
The goblin attacks as it pursues you! The goblin misses you.
The goblin attacks as it pursues you! The goblin hits you with a +0 club.
* * * LOW HITPOINT WARNING * * *
The goblin attacks as it pursues you! The goblin hits you with a +0 club.
You die...

)# .# g# .# .#
####.##
#..g..#
########.....#
#...@g.gg....#
#.######.....#
#..........#
#..........#
#.#####......#
#...........##
#######.#####
########.....#
...........#.#


You could see Robin and 2 goblins.

Vanquished Creatures
  A ball python (D:1)
  An endoplasm (D:1)
  4 goblins
  3 hobgoblins
  A quokka (D:1)
  3 bats (D:1)
  2 frilled lizards (D:1)
  A kobold (D:1)
  8 rats
24 creatures vanquished.

Notes
Turn   | Place    | Note
-------+----------+-------------------------------------------
     0 | D:1      | pokeman the Deep Elf Hedge Wizard began the quest for the
                  | Orb.
     0 | D:1      | Reached XP level 1. HP: 10/10 MP: 7/7
   537 | D:1      | Reached XP level 2. HP: 16/16 MP: 6/9
  1254 | D:2      | Noticed Robin
  1255 | D:2      | Reached skill level 5 in Spellcasting
  1273 | D:2      | Slain by a goblin

Illustrated notes

Levels and vault maps discovered:
D:1:      dpeg_arrival_castle, layout_basic, hex_intersection
D:2:      layout_basic, ebering_ecumenical_altar_webs, uniq_robin, uniq_terence

Skill      XL: |  1  2 |
---------------+-------+-----
Spellcasting   | 5 |  5.0
Fighting       | |  0.6
Armour         | |  0.6
Dodging        | |  2.4
Stealth        | |  2.4
Conjurations   | |  1.6
Summonings     | |  1.1
Translocations | |  1.1

Action                     || total
---------------------------++-------
  Melee: Dagger            ||    11
   Cast: Magic Dart        ||    51
 Armour: Robe              ||    16
  Dodge: Dodged            ||    11

Table legend: (Time is in decaauts)
 A = Elapsed time spent in this place.
 B = Non-inter-level travel time spent in this place.
 C = Inter-level travel time spent in this place.
 D = Time resting spent in this place.
 E = Time spent auto-exploring this place.
 F = Levels seen in this place.
 G = Mean time per level.
                   A        B        C        D        E       F      G
               +--------+--------+--------+--------+--------+-----+--------+
         Total |   1274 |   1241 |     33 |      6 |   1093 |   2 |  637.0 |
       Dungeon |   1274 |   1241 |     33 |      6 |   1093 |   2 |  637.0 |
               +--------+--------+--------+--------+--------+-----+--------+

Top non-repeatable levels by time:
     D:1: 1182 daAuts
     D:2: 91 daAuts
